 Dungeon Crawl Stone Soup version 0.28-a0-1344-g6b9ff3a05d (webtiles) character file.

Game seed: 13467145038052804215

30 DoubleLucky the Caller (level 3, -2/19 HPs)
             Began as a Tengu Summoner on Dec 29, 2021.
             Shot with a sling bullet by a goblin (6 damage)
             ... on level 2 of the Dungeon.
             The game lasted 00:02:46 (1066 turns).

DoubleLucky the Caller (Tengu Summoner)             Turns: 1066, Time: 00:02:47

Health: -2/19      AC:  2    Str:  8    XL:     3   Next: 20%
Magic:  5/7        EV: 13    Int: 17    God:
Gold:   24         SH:  0    Dex: 14    Spells: 5/6 levels left

rFire   . . .      SeeInvis .   b - +0 dagger
rCold   . . .      Faith    .   (no shield)
rNeg    . . .      Spirit   .   a - +0 robe
rPois   .          Reflect  .   (helmet restricted)
rElec   .          Harm     .   (no cloak)
rCorr   .          Rampage  .   (no gloves)
Will    +....                   (boots unavailable)
Stlth   ++........              (no amulet)
HPRegen 0.06/turn               e - ring of willpower
MPRegen 0.10/turn               (no ring)

@: no status effects
A: beak, talons 3
a: no special abilities


You were on level 2 of the Dungeon.
You visited 1 branch of the dungeon, and saw 2 of its levels.

You collected 24 gold pieces.

Inventory:

Hand Weapons
 b - a +0 dagger (weapon)
Missiles
 g - 18 poisoned darts
Armour
 a - a +0 robe (worn)
Jewellery
 e - a ring of willpower (left hand)
Scrolls
 c - a scroll of holy word {unknown}
 d - a scroll of identify {unknown}
 f - a scroll of teleportation {unknown}


   Skills:
 + Level 2.9 Dodging
 - Level 2.0 Stealth
 + Level 2.4 Spellcasting
 + Level 5.2 Summonings


You had 5 spell levels left.
You knew the following spells:

 Your Spells              Type           Power      Damage    Failure   Level
a - Summon Small Mammal   Summ           80%        N/A       2%          1

Your spell library contained the following spells:

 Spells                   Type           Power      Damage    Failure   Level
 Call Imp                 Summ           20%        N/A       3%          2
 Call Canine Familiar     Summ           20%        N/A       6%          3
 Summon Guardian Golem    Hex/Summ       11%        N/A       19%         3
 Summon Lightning Spire   Summ/Air       11%        N/A       52%         4


Dungeon Overview and Level Annotations

Branches:
Dungeon (2/15)

Altars:


Innate Abilities, Weirdness & Mutations

You have a beak for a mouth.
You have claws for feet.


Message History

Casting: Summon Small Mammal (safe; 2% risk of failure)
Confirm with . or Enter, or press ? or * to list all spells.
Your bat completely misses the frilled lizard.
Your bat hits the frilled lizard. Your bat hits the frilled lizard.
The frilled lizard dies!
You swap places.
Your bat disappears in a puff of smoke!
There is an open door here.
Your quokka disappears in a puff of smoke!
There is an open door here.
Done exploring.
Done exploring.
Done exploring.
Done exploring.
Search for what [? for help]? .
There is an open door here.
You see here 18 poisoned darts.
g - 18 poisoned darts
There is a stone staircase leading down here.
You climb downwards.
The goblin shouts!
Found a scroll labelled EZUOGE JEGUETA.
There is a stone staircase leading up here.
The goblin unwields a +0 club.
The goblin wields a +0 hunting sling.
The goblin shoots a sling bullet.
The sling bullet hits you!
Casting: Summon Small Mammal (safe; 2% risk of failure)
Confirm with . or Enter, or press ? or * to list all spells.
Casting: Summon Small Mammal (safe; 2% risk of failure)
Confirm with . or Enter, or press ? or * to list all spells.
The goblin shoots a sling bullet.
The sling bullet barely misses your rat.
The sling bullet hits you!
* * * LOW HITPOINT WARNING * * *
The goblin shoots a sling bullet.
The sling bullet misses you.
There is a stone staircase leading up here.
The goblin shoots a sling bullet.
The sling bullet closely misses your rat.
The sling bullet hits you.
You die...

#.... #...
######...
#.......
#.......
#.gr...#
##......#####
........@...#
##...r..###.#
#......#
.....r...
.....?...
...##+###.
... . .. ..


You could see a goblin (ally target), a rat (ally target) and 2 friendly rats.

Vanquished Creatures
  A dart slug (D:1)
  An endoplasm (D:1)
  A goblin (D:1)
  A hobgoblin (D:1)
  A ball python (D:1)
  A frilled lizard (D:1)
6 creatures vanquished.

Vanquished Creatures (collateral kills)
  A gnoll (D:1)
  2 endoplasms (D:1)
  3 hobgoblins (D:1)
  A quokka (D:1)
  2 frilled lizards (D:1)
  2 goblins (D:1)
  A rat (D:1)
12 creatures vanquished.

Grand Total: 18 creatures vanquished

Notes
Turn   | Place    | Note
-------+----------+-------------------------------------------
     0 | D:1      | DoubleLucky the Tengu Summoner began the quest for the Orb.
     0 | D:1      | Reached XP level 1. HP: 10/10 MP: 4/4
    13 | D:1      | Found a faded altar of an unknown god.
    96 | D:1      | Reached skill level 5 in Summonings
   177 | D:1      | Reached XP level 2. HP: 15/15 MP: 1/6
   383 | D:1      | Reached XP level 3. HP: 19/19 MP: 4/7
  1066 | D:2      | Shot with a sling bullet by a goblin

Illustrated notes

Levels and vault maps discovered:
D:1:      minmay_arrival_jagged, layout_basic, basic_ecumenical_altar
D:2:      layout_basic, basic_altar, uniq_sigmund, uniq_robin

Skill      XL: |  1 |
---------------+----+-----
Summonings     | 5 |  5.2
Dodging        | |  2.9
Stealth        | |  2.0
Spellcasting   | |  2.4

Action                   || total
-------------------------++-------
Melee: Dagger            ||    21
       Unarmed           ||     2
       Peck              ||     2
       Kick              ||     3
 Cast: Summon Small Mamm ||    27
 Stab: Sleeping          ||     1
Armor: Robe              ||     2
Dodge: Dodged            ||    13

Table legend: (Time is in decaauts)
 A = Elapsed time spent in this place.
 B = Non-inter-level travel time spent in this place.
 C = Inter-level travel time spent in this place.
 D = Time resting spent in this place.
 E = Time spent auto-exploring this place.
 F = Levels seen in this place.
 G = Mean time per level.
                   A        B        C        D        E       F      G
               +--------+--------+--------+--------+--------+-----+--------+
         Total |   1064 |   1019 |     45 |     18 |    772 |   2 |  532.0 |
       Dungeon |   1064 |   1019 |     45 |     18 |    772 |   2 |  532.0 |
               +--------+--------+--------+--------+--------+-----+--------+

Top non-repeatable levels by time:
     D:1: 1060 daAuts
     D:2: 4 daAuts
